 Dungeon Sprint DCSS version 0.17-a0-1650-gce8475a (webtiles) character file.

55657 Kidiri the Unseen (level 13, -10/60 HPs)
             Began as a Spriggan Enchanter on Aug 13, 2015.
             Was the Champion of Dithmenos.
             Engulfed by a cloud of freezing vapour (16 damage)
             ... in the Dungeon (Sprint III: "The Ten Rune Challenge").
             The game lasted 00:24:15 (5604 turns).

Kidiri the Unseen (Spriggan Enchanter)              Turns: 5604, Time: 00:24:15

Health: -10/60     AC:  5    Str:  6    XL:     13   Next: 5%
Magic:  34/34      EV: 35    Int: 20    God:    Dithmenos [******]
Gold:   48         SH:  0    Dex: 20    Spells: 11 memorised, 2 levels left

rFire  . . .     SeeInvis +     a - +1 dagger
rCold  . . .     Clarity  .     b - +1 robe
rNeg   . . .     SustAt   .     (shield restricted)
rPois  .         Gourm    .     r - +2 hat
rElec  .         Spirit   .     (no cloak)
rCorr  .         Warding  .     (gloves unavailable)
rMut   .         NoTele   +     (boots unavailable)
MR     ++...                    (no amulet)
Stlth  ++++++++++               (no ring)
                                (no ring)

@: wreathed by umbra, very quick, very resistant to hostile enchantments,
uncannily stealthy
A: unfitting armour, see invisible, clever 1, herbivore 3, speed 3, robust 1,
screaming 1, slow metabolism 2, strong 1
a: Shadow Step, Shadow Form, Renounce Religion
}: 2/10 runes: decaying, barnacled


You were in the Dungeon.
You worshipped Dithmenos.
Dithmenos was exalted by your worship.
You were not hungry.

You visited 1 branch You collected 48 gold pieces.

Inventory:

Hand weapons
 a - a +1 dagger (weapon)
Missiles
 i - 10 throwing nets (quivered)
Armour
 b - a +1 robe (worn)
 f - an ice dragon hide
 r - a +2 hat (worn)
Scrolls
 l - a scroll of holy word
 n - 3 scrolls of remove curse
 p - a scroll of torment
Potions
 e - a potion of curing
 g - a potion of flight
 h - 2 potions of magic
 j - a potion of haste
 o - 3 potions of cure mutation
 q - a potion of invisibility
Books
 k - a Grand Grimoire

   Spells                             Type                      Level
   a - Monstrous Menagerie            Summoning                    6
   b - Summon Greater Demon           Summoning                    7
   c - Malign Gateway                 Summoning/Translocation      7
   d - Summon Horrible Things         Summoning                    8
Comestibles
 c - 28 royal jellies
 d - 2 bread rations
 m - 6 fruits


   Skills:
 + Level 10.8 Short Blades
 * Level 18.5 Dodging
 * Level 20.0 Stealth
 * Level 16.0 Spellcasting
 + Level 7.1 Conjurations
 + Level 12.1 Hexes
 + Level 12.3 Charms
 + Level 6.4 Summonings
 + Level 8.2 Translocations
 + Level 8.1 Ice Magic
 + Level 7.9 Air Magic
 + Level 9.0 Invocations


You had 2 spell levels left.
You knew the following spells:

 Your Spells              Type           Power        Failure   Level  Hunger
a - Corona                Hex            ######.      1%          1    None
b - Ensorcelled Hibernat  Hex/Ice        ######       1%          2    None
c - Confuse               Hex            ######..     1%          3    None
d - Tukima's Dance        Hex            ######..     1%          3    None
e - Dazzling Spray        Conj/Hex       ######..     1%          3    None
f - Repel Missiles        Chrm/Air       ######       1%          2    None
g - Static Discharge      Conj/Air       #####...     1%          3    None
h - Lightning Bolt        Conj/Air       #####.....   6%          5    ###....
i - Monstrous Menagerie   Summ           #####.....   50%         6    #####..
j - Malign Gateway        Summ/Tloc      #####.....   99%         7    ######.
k - Summon Greater Demon  Summ           #####.....   100%        7    ######.


Dungeon Overview and Level Annotations

Branches:
Dungeon (1/1)

Altars:
Cheibriados
Dithmenos
Elyvilon
Fedhas
Gozag
Kikubaaqudgha
Makhleb
Nemelex Xobeh
Okawaru
Qazlal
Ru
Sif Muna
Trog
Vehumet
Xom
Yredelemnul
Zin
The Shining One
Jiyva
Lugonu

Shops:
D }!(=(?

Annotations:
D Frances, Wiglaf


Innate Abilities, Weirdness & Mutations

You are tiny and cannot use many weapons and most armour.
You have supernaturally acute eyesight.
You are a herbivore.
You cover ground extremely quickly.
You need consume almost no food.
Your mind is acute. (Int +2)
You are robust (+10% HP).
You occasionally shout uncontrollably at your foes.
Your muscles are strong. (Str +2)


Message History

You are engulfed in freezing vapours.
You are engulfed in freezing vapours.
You emit a cloud of dark smoke.
Really walk into that cloud of freezing vapour?
You are engulfed in freezing vapours.
You are engulfed in freezing vapours.
* * * LOW HITPOINT WARNING * * *
You emit a cloud of dark smoke.
You see here a hunting sling.
Drink which item? (? for menu, Esc to quit)
Okay, then.
You open the door. 4 simulacra come into view.
You are engulfed in freezing vapours.
* * * LOW HITPOINT WARNING * * *
Found four items.
Read which item? (? for menu, Esc to quit)
Okay, then.
Drink which item? (? for menu, Esc to quit)
You feel better.
You are engulfed in freezing vapours.
You die...

≈≈≈........≈≈≈...#.......#.......
♣≈≈≈≈≈≈≈≈≈≈≈≈♣♣P.'.......#.......
♣♣♣♣♣♣♣♣♣♣♣♣♣♣♣PP#.......########
♣ ♣♣♣##+######
♣♣♣♣♣♣♣♣♣♣♣♣♣♣♣♣♣#...
##..##≈≈≈≈≈≈..#ZZ#...#
#.##.#≈≈≈≈≈...#§Z#g.@#
.##.##'≈≈≈≈≈####Z#####
.##...#≈≈...§§§§@#
#.##.)#≈..'#######
#.#####...#....).#
..##......#♣♣♣._)# ####+######
##### ..▓#.♣♣ ≈≈▓#♣≈♣ ≈≈▓ ♣≈♣♣
###### ≈≈▓ ♣♣.♣ #....#


You could see a black mamba simulacrum (wandering), a wolf simulacrum
(wandering) and 2 polar bear simulacra.

Vanquished Creatures
  Rupert (D)
  A kraken (D)
  Gastronok (D)
  Maud (D)
  2 dire elephants (D)
  Erolcha (D)
  3 ice dragons (D)
  3 hydras (D)
  2 alligator snapping turtles (D)
  4 death yaks (D)
  A spriggan druid (D)
  A lindwurm (D)
  2 black mambas (D)
  2 elephants (D)
  2 spiny frogs (D)
  A fire drake (D)
  A komodo dragon (D)
  A queen bee (D)
  3 wandering mushrooms (D)
  A deep elf priest (D)
  8 blink frogs (D)
  4 snapping turtles (D)
  A shadow (D)
  2 trapdoor spiders (D)
  2 spriggans (D)
  4 redbacks (D)
  A hydra simulacrum (D)
  2 hill giants (D)
  A spatial vortex (D)
  A necrophage (D)
  A swamp drake (D)
  2 brain worms (D)
  3 two-headed ogres (D)
  A water elemental (D)
  32 killer bees (D)
  An electric eel (D)
  A jelly (D)
  A wizard (D)
  Jessica (D)
  A wolf (D)
  A necromancer (D)
  A kobold demonologist (D)
  3 humans (D)
  2 swamp drake simulacra (D)
  2 rats (D)
  A plant (D)
114 creatures vanquished.

Vanquished Creatures (others)
  2 draconian scorchers (D)
  A death drake (D)
  A yaktaur (D)
  2 fungi (D)
  13 plants (D)
  13 tentacles (D)
  43 tentacle segments (D)
75 creatures vanquished.

Grand Total: 189 creatures vanquished

Notes
Turn   | Place    | Note
--------------------------------------------------------------
     0 | D        | Kidiri the Spriggan Enchanter began the quest for the Orb.
     0 | D        | Reached XP level 1. HP: 9/9 MP: 5/5
    25 | D        | Noticed Jessica
    31 | D        | Killed Jessica
    31 | D        | Reached skill level 5 in Dodging
    31 | D        | Reached skill level 6 in Stealth
    31 | D        | Reached XP level 2. HP: 13/13 MP: 6/8
    35 | D        | Learned a level 2 spell: Ensorcelled Hibernation
    68 | D        | Noticed a wolf
   197 | D        | Killed a wolf
   197 | D        | Reached skill level 7 in Stealth
   197 | D        | Reached XP level 3. HP: 16/16 MP: 6/10
   202 | D        | Learned a level 3 spell: Confuse
   206 | D        | Learned a level 3 spell: Tukima's Dance
   288 | D        | Reached skill level 5 in Spellcasting
   288 | D        | Reached skill level 1 in Ice Magic
   288 | D        | Reached XP level 4. HP: 21/21 MP: 2/12
   292 | D        | Killed a white draconian scorcher
   293 | D        | Learned a level 3 spell: Dazzling Spray
   312 | D        | Gained mutation: Your mind is acute. (Int +2) [potion of mutation]
   312 | D        | Gained mutation: Your spells are a little easier to cast, but a little less powerful. [potion of mutation]
   312 | D        | Lost mutation: Your spells are a little easier to cast, but a little less powerful. [potion of mutation]
   313 | D        | Gained mutation: Your muscles are strong. (Str +2) [potion of mutation]
   313 | D        | Gained mutation: You occasionally shout uncontrollably at your foes. [potion of mutation]
   313 | D        | Gained mutation: You are robust (+10% HP). [potion of mutation]
   327 | D        | Killed a white draconian scorcher
   379 | D        | Noticed a water elemental
   390 | D        | Killed a water elemental
   390 | D        | Reached skill level 8 in Stealth
   390 | D        | Reached skill level 5 in Hexes
   508 | D        | Noticed a jelly
   509 | D        | Noticed a shadow
   511 | D        | Killed a shadow
   511 | D        | Reached skill level 9 in Dodging
   511 | D        | Reached skill level 10 in Stealth
   511 | D        | Reached XP level 5. HP: 26/26 MP: 14/16
   511 | D        | Reached XP level 6. HP: 30/30 MP: 14/17
   515 | D        | Killed a jelly
   520 | D        | Found a stormy altar of Qazlal.
   520 | D        | Noticed a spatial vortex
   521 | D        | Found a sacrificial altar of Ru.
   521 | D        | Found a burning altar of Makhleb.
   521 | D        | Found a viscous altar of Jiyva.
   521 | D        | Found a shimmering altar of Xom.
   521 | D        | Found a shadowy altar of Dithmenos.
   521 | D        | Found a sparkling altar of Nemelex Xobeh.
   521 | D        | Found a corrupted altar of Lugonu.
   521 | D        | Found an opulent altar of Gozag.
   525 | D        | Became a worshipper of Dithmenos the Shadowed
   535 | D        | Killed a yaktaur
   541 | D        | Killed a spatial vortex
   541 | D        | Reached skill level 5 in Short Blades
   541 | D        | Reached skill level 10 in Dodging
   541 | D        | Reached skill level 11 in Stealth
   541 | D        | Reached skill level 1 in Invocations
   719 | D        | Found a radiant altar of Vehumet.
   720 | D        | Found a deep blue altar of Sif Muna.
   720 | D        | Found an ancient bone altar of Kikubaaqudgha.
   720 | D        | Noticed a wizard
   722 | D        | Noticed an ice devil
   722 | D        | Killed a wizard
   724 | D        | Noticed a hellwing
   736 | D        | Learned a level 2 spell: Repel Missiles
   740 | D        | Learned a level 3 spell: Static Discharge
   746 | D        | Learned a level 5 spell: Lightning Bolt
   765 | D        | Found a glowing silver altar of Zin.
   766 | D        | Found a glowing golden altar of the Shining One.
   766 | D        | Found a white marble altar of Elyvilon.
   766 | D        | Noticed a deep elf priest
   768 | D        | Killed a deep elf priest
   768 | D        | Reached skill level 1 in Air Magic
   768 | D        | Reached XP level 7. HP: 35/35 MP: 18/20
   780 | D        | Found an iron altar of Okawaru.
   781 | D        | Found a bloodstained altar of Trog.
   781 | D        | Noticed a human
   781 | D        | Noticed a human
   885 | D        | Killed a human
   885 | D        | Reached skill level 12 in Stealth
   888 | D        | Killed a human
   978 | D        | Found a snail-covered altar of Cheibriados.
   978 | D        | Noticed a necrophage
   979 | D        | Found a basalt altar of Yredelemnul.
   979 | D        | Found a blossoming altar of Fedhas.
   979 | D        | Noticed a necromancer
   980 | D        | Killed a necrophage
   980 | D        | Acquired Dithmenos's first power
   980 | D        | Reached XP level 8. HP: 39/39 MP: 22/22
   981 | D        | Killed a necromancer
  1019 | D        | Noticed a two-headed ogre
  1019 | D        | Noticed a two-headed ogre
  1034 | D        | Killed a two-headed ogre
  1037 | D        | Noticed a two-headed ogre
  1043 | D        | Killed a two-headed ogre
  1047 | D        | Killed a two-headed ogre
  1047 | D        | Reached skill level 10 in Spellcasting
  1250 | D        | Noticed a hill giant
  1253 | D        | Killed a hill giant
  1253 | D        | Acquired Dithmenos's second power
  1253 | D        | Reached skill level 13 in Stealth
  1259 | D        | Noticed a hill giant
  1259 | D        | Noticed Erolcha
  1268 | D        | Killed Erolcha
  1268 | D        | Reached skill level 5 in Charms
  1268 | D        | Reached XP level 9. HP: 42/42 MP: 11/24
  1274 | D        | Killed a hill giant
  1345 | D        | Learned a level 6 spell: Monstrous Menagerie
  1346 | D        | Noticed a redback
  1351 | D        | Noticed a trapdoor spider
  1351 | D        | Noticed a trapdoor spider
  1352 | D        | Killed a trapdoor spider
  1352 | D        | Acquired Dithmenos's third power
  1352 | D        | Reached skill level 14 in Stealth
  1355 | D        | Killed a redback
  1356 | D        | Killed a trapdoor spider
  1356 | D        | Reached skill level 1 in Summonings
  1356 | D        | Reached skill level 5 in Ice Magic
  1461 | D        | Noticed a killer bee
  1461 | D        | Noticed a killer bee
  1461 | D        | Noticed a killer bee
  1461 | D        | Noticed a killer bee
  1461 | D        | Noticed a killer bee
  1461 | D        | Noticed a killer bee
  1461 | D        | Noticed a killer bee
  1461 | D        | Noticed a killer bee
  1461 | D        | Noticed a killer bee
  1461 | D        | Noticed a killer bee
  1461 | D        | Noticed a killer bee
  1461 | D        | Noticed a killer bee
  1461 | D        | Noticed a killer bee
  1461 | D        | Noticed a killer bee
  1461 | D        | Noticed a killer bee
  1462 | D        | Noticed a killer bee
  1463 | D        | Noticed a killer bee
  1463 | D        | Noticed a killer bee
  1463 | D        | Noticed a killer bee
  1463 | D        | Noticed a killer bee
  1463 | D        | Killed a killer bee
  1464 | D        | Noticed a killer bee
  1465 | D        | Noticed a queen bee
  1465 | D        | Noticed a killer bee
  1465 | D        | Killed a killer bee
  1467 | D        | Noticed a killer bee
  1469 | D        | Noticed a killer bee
  1469 | D        | Noticed a killer bee
  1472 | D        | Killed a killer bee
  1475 | D        | Killed a killer bee
  1475 | D        | Acquired Dithmenos's fourth power
  1477 | D        | Killed a killer bee
  1479 | D        | Noticed a killer bee
  1502 | D        | Killed a killer bee
  1773 | D        | Killed a killer bee
  1777 | D        | Killed a killer bee
  1780 | D        | Noticed a killer bee
  1784 | D        | Noticed a killer bee
  1787 | D        | Killed a killer bee
  1789 | D        | Killed a killer bee
  1795 | D        | Killed a killer bee
  1824 | D        | Noticed a killer bee
  1830 | D        | Killed a killer bee
  1832 | D        | Killed a killer bee
  1834 | D        | Killed a killer bee
  1836 | D        | Killed a queen bee
  1836 | D        | Reached skill level 5 in Invocations
  1838 | D        | Killed a killer bee
  1840 | D        | Killed a killer bee
  1842 | D        | Killed a killer bee
  1848 | D        | Killed a killer bee
  1848 | D        | Reached skill level 15 in Stealth
  1850 | D        | Killed a killer bee
  1852 | D        | Noticed a killer bee
  1854 | D        | Killed a killer bee
  1858 | D        | Killed a killer bee
  1860 | D        | Killed a killer bee
  1860 | D        | Reached XP level 10. HP: 48/48 MP: 2/26
  1992 | D        | Killed a killer bee
  1993 | D        | Noticed a killer bee
  1993 | D        | Killed a killer bee
  1996 | D        | Killed a killer bee
  2001 | D        | Noticed a killer bee
  2003 | D        | Killed a killer bee
  2008 | D        | Killed a killer bee
  2016 | D        | Killed a killer bee
  2020 | D        | Killed a killer bee
  2026 | D        | Killed a killer bee
  2027 | D        | Killed a killer bee
  2029 | D        | Killed a killer bee
  2095 | D        | Noticed Wiglaf
  2095 | D        | Noticed Frances
  2110 | D        | Noticed a wandering mushroom
  2111 | D        | Noticed a wandering mushroom
  2111 | D        | Noticed a wandering mushroom
  2112 | D        | Killed a wandering mushroom
  2117 | D        | Killed a wandering mushroom
  2120 | D        | Killed a wandering mushroom
  2169 | D        | Noticed a spiny frog
  2169 | D        | Noticed a komodo dragon
  2169 | D        | Noticed a spiny frog
  2172 | D        | Killed a spiny frog
  2173 | D        | Killed a spiny frog
  2174 | D        | Killed a komodo dragon
  2180 | D        | Noticed a redback
  2182 | D        | Killed a redback
  2182 | D        | Reached skill level 16 in Stealth
  2183 | D        | Noticed a brain worm
  2187 | D        | Killed a brain worm
  2187 | D        | Reached skill level 5 in Conjurations
  2193 | D        | Noticed a brain worm
  2196 | D        | Killed a brain worm
  2196 | D        | Reached skill level 5 in Air Magic
  2202 | D        | Noticed a lindwurm
  2205 | D        | Noticed a redback
  2206 | D        | Killed a lindwurm
  2208 | D        | Killed a redback
  2212 | D        | Noticed a redback
  2213 | D        | Killed a redback
  2214 | D        | Noticed Maud
  2230 | D        | Killed Maud
  2230 | D        | Reached skill level 15 in Dodging
  2230 | D        | Reached skill level 10 in Hexes
  2230 | D        | Reached XP level 11. HP: 34/51 MP: 19/29
  2415 | D        | Noticed a swamp drake
  2415 | D        | Noticed a fire drake
  2416 | D        | Killed a fire drake
  2418 | D        | Killed a swamp drake
  2426 | D        | Noticed a blink frog
  2426 | D        | Noticed a blink frog
  2427 | D        | Noticed a blink frog
  2427 | D        | Noticed a blink frog
  2429 | D        | Killed a blink frog
  2432 | D        | Killed a blink frog
  2434 | D        | Killed a blink frog
  2435 | D        | Killed a blink frog
  2435 | D        | Reached skill level 17 in Stealth
  2592 | D        | Learned a level 7 spell: Malign Gateway
  2598 | D        | Noticed a blink frog
  2605 | D        | Killed a blink frog
  2624 | D        | Noticed Rupert
  2626 | D        | Killed Rupert
  2626 | D        | Reached skill level 10 in Charms
  2647 | D        | Noticed a death yak
  2648 | D        | Noticed a death yak
  2648 | D        | Noticed a blink frog
  2648 | D        | Noticed an azure jelly
  2648 | D        | Noticed a death yak
  2648 | D        | Noticed an azure jelly
  2648 | D        | Noticed a blink frog
  2648 | D        | Noticed a death yak
  2941 | D        | Killed a death yak
  2944 | D        | Killed a death yak
  2945 | D        | Noticed a black mamba
  2947 | D        | Killed a death yak
  2960 | D        | Killed a black mamba
  2960 | D        | Reached skill level 18 in Stealth
  2994 | D        | Killed a blink frog
  2998 | D        | Killed a death yak
  3000 | D        | Noticed a blink frog
  3006 | D        | Killed a blink frog
  3008 | D        | Noticed a black mamba
  3008 | D        | Killed a blink frog
  3008 | D        | Reached skill level 5 in Summonings
  3013 | D        | Killed a black mamba
  3310 | D        | Noticed a kraken
  3317 | D        | Noticed a snapping turtle
  3318 | D        | Noticed a snapping turtle
  3319 | D        | Noticed a snapping turtle
  3319 | D        | Noticed an alligator snapping turtle
  3319 | D        | Noticed a snapping turtle
  3319 | D        | Noticed an alligator snapping turtle
  3319 | D        | Found Deiqaem's Gadget Shoppe.
  3319 | D        | Found Zesaxteu's Distillery.
  3319 | D        | Found Gibolas's Antique Weapon Shop.
  3320 | D        | Killed a snapping turtle
  3320 | D        | Reached XP level 12. HP: 56/56 MP: 26/31
  3322 | D        | Killed a snapping turtle
  3324 | D        | Killed a snapping turtle
  3326 | D        | Killed a snapping turtle
  3326 | D        | Reached skill level 5 in Translocations
  3336 | D        | Got a barnacled rune of Zot
  3642 | D        | Killed an alligator snapping turtle
  3785 | D        | Killed an alligator snapping turtle
  3956 | D        | Killed a kraken
  3956 | D        | Reached skill level 10 in Short Blades
  3956 | D        | Reached skill level 15 in Spellcasting
  4173 | D        | Noticed an azure jelly
  4173 | D        | Noticed an azure jelly
  4174 | D        | Noticed an elephant
  4174 | D        | Noticed an elephant
  4174 | D        | Noticed a dire elephant
  4174 | D        | Noticed a dire elephant
  4174 | D        | Noticed Gastronok
  4176 | D        | Killed Gastronok
  4176 | D        | Reached skill level 19 in Stealth
  4177 | D        | Killed a dire elephant
  4179 | D        | Killed a dire elephant
  4182 | D        | Killed an elephant
  4184 | D        | Killed an elephant
  4263 | D        | Noticed an electric eel
  4264 | D        | Noticed a five-headed hydra
  4264 | D        | Noticed a seven-headed hydra
  4265 | D        | Killed an electric eel
  4268 | D        | Noticed a death drake
  4268 | D        | Killed a five-headed hydra
  4278 | D        | Killed a seven-headed hydra
  4393 | D        | Killed a death drake
  4404 | D        | Found a blossoming altar of Fedhas.
  4404 | D        | Noticed a spriggan
  4404 | D        | Noticed a spriggan druid
  4404 | D        | Noticed a spriggan
  4406 | D        | Killed a spriggan
  4408 | D        | Killed a spriggan
  4411 | D        | Killed a spriggan druid
  4512 | D        | Noticed an ice dragon
  4512 | D        | Found Tapnugo's Jewellery Emporium.
  4512 | D        | Found Cim Bev's Antique Weapon Shop.
  4857 | D        | Learned a level 7 spell: Summon Greater Demon
  4876 | D        | Killed an ice dragon
  4923 | D        | Noticed an ice dragon
  4959 | D        | Killed an ice dragon
  5008 | D        | Noticed an ice dragon
  5067 | D        | Killed an ice dragon
  5067 | D        | Reached XP level 13. HP: 49/60 MP: 27/33
  5181 | D        | Found Yhykhlot's Magic Scroll Shoppe.
  5376 | D        | Noticed a seven-headed hydra
  5376 | D        | Noticed a four-headed hydra simulacrum
  5378 | D        | Killed a seven-headed hydra
  5378 | D        | Reached skill level 20 in Stealth
  5380 | D        | Killed a four-headed hydra simulacrum
  5383 | D        | Got a decaying rune of Zot
  5603 | D        | Noticed a wolf simulacrum
  5603 | D        | Noticed a polar bear simulacrum
  5603 | D        | Noticed a polar bear simulacrum
  5603 | D        | Noticed a black mamba simulacrum
  5603 | D        | HP: 1/60 [something (13)]
  5604 | D        | Engulfed by a cloud of freezing vapour

Vault maps used:
D:        dungeon_sprint_mu

Action                   |  1- 3 |  4- 6 |  7- 9 | 10-12 | 13-15 || total
-------------------------+-------+-------+-------+-------+-------++-------
Melee: Dagger            |     8 |    19 |    66 |    94 |     2 ||   189
 Cast: Ensorcelled Hiber |     2 |       |    44 |    26 |       ||    72
       Corona            |     2 |       |       |       |       ||     2
       Confuse           |     1 |       |     8 |    16 |       ||    25
       Dazzling Spray    |       |     7 |     4 |    40 |     1 ||    52
       Static Discharge  |       |       |     1 |       |       ||     1
       Lightning Bolt    |       |       |       |     6 |       ||     6
Invok: Shadow Step       |       |       |       |     9 |     1 ||    10
  Use: Potion            |       |     3 |     1 |     5 |     1 ||    10
       Scroll            |       |     2 |       |     3 |       ||     5
 Stab: Sleeping          |     4 |     3 |    27 |    40 |     2 ||    76
       Invisible         |       |     2 |     2 |    11 |       ||    15
       Confused          |       |       |    11 |     8 |       ||    19
       Held in net/web   |       |       |     1 |       |       ||     1
  Eat: Bread ration      |       |       |       |     1 |       ||     1
